 Dungeon Crawl Stone Soup version 0.32-a0-520-g344ed53f66 (webtiles) character file.

Game seed: 14058842652001522910

2134953 adelrune the Impregnable (level 25, 159/159 HPs)
             Began as an Armataur Fighter on Feb 27, 2024.
             Was the Champion of Jiyva.
             Escaped with the Orb
             ... and 3 runes
             ... and 2 gems!
             The game lasted 02:54:57 (51011 turns).

adelrune the Impregnable (Armataur Fighter)        Turns: 51011, Time: 02:54:58

Health: 159/159    AC: 32    Str: 32      XL:     25   Next: 67%
Magic:  28/28      EV:  9    Int: 12 (15) God:    Jiyva [******]
Gold:   744        SH: 31    Dex: 10      Spells: 24/24 levels left

rFire   + . .        j - +8 mithril axe "Arga" {speed, Will+}
rCold   + + +        s - +10 tower shield of Ignorance {rN+ Int-4}
rNeg    + + .        k - +5 moon troll leather armour {Spirit, Regen++ MP+5}
rPois   .            G - +1 hat
rElec   .            e - +2 cloak {Will+}
rCorr   +            o - +1 pair of gloves of Kiufopny {Int+5 Stlth-}
SInv    .            O - +4 barding
Will    +++..        q - amulet of regeneration Stlth
                     Q - ring of Mirth {rC+ rN+ Str+5 Int+3}
HPRegen 4.46/turn    v - +4 ring of slaying
MPRegen 1.01/turn

%: guardian spirit, roll
@: no status effects
A: large, deformed body, tough skin 3, armoured tail, roll 2, antennae 1,
stinger 2, talons 3, clumsy 2, cold resistance 2, fire resistance 1, frail 3,
low MP 2, teleportitis 1, pseudopods 2, no potion heal 1, subdued magic 1,
inability to read after injury 1, engulf
0: Orb of Zot
}: 3/15 runes: serpentine, barnacled, slimy
a: Renounce Religion, Oozemancy, Slimify


You escaped.
You worshipped Jiyva.
Jiyva was exalted by your worship.
You visited 10 branches of the dungeon, and saw 50 of its levels.
You also visited: Trove, Bailey and Wizlab.

You collected 3911 gold pieces.
You spent 3167 gold pieces at shops.

Inventory:

Hand Weapons
 j - the +8 mithril axe "Arga" (weapon) {speed, Will+}
   (You acquired it in a treasure trove)

   Will+:     It increases your willpower.
 I - a +6 vampiric broad axe
Armour
 a - a +2 helmet of see invisible
 e - a +2 cloak of willpower (worn)
 k - the +5 moon troll leather armour (worn) {Spirit, Regen++ MP+5}
   (You took it off a moon troll in a wizard's laboratory)

   MP+5:      It affects your magic capacity (+5).
   Regen++:   It increases your rate of health regeneration.
 o - the +1 pair of gloves of Kiufopny (worn) {Int+5 Stlth-}
   (You found it in a wizard's laboratory)

   Int+5:     It affects your intelligence (+5).
   Stlth-:    It makes you less stealthy.
 s - the +10 tower shield of Ignorance (worn) {rN+ Int-4}
   (You bought it in a shop on level 11 of the Dungeon)

   Int-4:     It affects your intelligence (-4).
   rN+:       It protects you from negative energy.
 G - a +1 hat (worn)
 O - a +4 barding (worn)
 R - a +10 plate armour of ponderousness
Jewellery
 q - an amulet of regeneration (around neck)
 v - a +4 ring of slaying (right hand)
 H - the amulet of Happiness {Reflect rElec rN+ Str+5 Dex-2 SH+5}
   (You bought it in a shop on level 5 of the Dungeon)

   [amulet of reflection]

   Reflect:   It reflects blocked missile attacks.
   Str+5:     It affects your strength (+5).
   Dex-2:     It affects your dexterity (-2).
   rElec:     It insulates you from electricity.
   rN+:       It protects you from negative energy.
   SH+5:      It affects your SH (+5).
 K - the ring of Awe {rElec rN++ Str+6 Dex-5 Stlth+}
   (You found it on level 5 of the Pits of Slime)

   [ring of strength]

   Str+6:     It affects your strength (+6).
   Dex-5:     It affects your dexterity (-5).
   rElec:     It insulates you from electricity.
   rN++:      It greatly protects you from negative energy.
   Stlth+:    It makes you more stealthy.
 L - a ring of protection from fire
 Q - the ring of Mirth (left hand) {rC+ rN+ Str+5 Int+3}
   (You found it on level 5 of the Pits of Slime)

   [ring of protection from cold]

   Str+5:     It affects your strength (+5).
   Int+3:     It affects your intelligence (+3).
   rC+:       It protects you from cold.
   rN+:       It protects you from negative energy.
 T - a +5 ring of evasion
 X - a ring of willpower
Wands
 y - a wand of roots (26)
 z - a wand of light (8)
 A - a wand of polymorph (12)
 J - a wand of flame (22)
 N - a wand of paralysis (18)
 P - a wand of digging (2)
 W - a wand of mindburst (15)
Scrolls
 h - a scroll of fear
 l - 9 scrolls of fog
 p - 3 scrolls of amnesia
 r - a scroll of revelation
 w - a scroll of silence
 C - a scroll of vulnerability
 D - 3 scrolls of blinking
 U - 2 scrolls of butterflies
 V - 14 scrolls of teleportation
Potions
 b - 2 potions of ambrosia
 c - 2 potions of enlightenment
 d - 2 potions of might
 f - 3 potions of resistance
 m - a potion of attraction
 n - 10 potions of curing
 u - 4 potions of haste
 B - 5 potions of magic
 F - 6 potions of brilliance
 M - 4 potions of berserk rage
 Z - 2 potions of cancellation
Miscellaneous
 g - a phial of floods
 i - a sack of spiders
 t - a lightning rod (4/4)
 x - a condenser vane
 S - a phantom mirror


   Skills:
 + Level 19.4 Fighting
 - Level 19.6 Axes
 + Level 22.4 Armour
 - Level 8.1 Dodging
 + Level 21.7 Shields
 - Level 8.7 Invocations
 + Level 18.1 Evocations


You had 24 spell levels left.
You didn't know any spells.
Your spell library contained the following spells:

 Spells                   Type           Power      Damage    Failure   Level
 Apportation              Tloc           0%         N/A       38%         1
 Magic Dart               Conj           0%         1d3       38%         1
 Necrotise                Necr           0%         1d4       38%         1
 Shock                    Conj/Air       0%         1d3       38%         1
 Slow                     Hex            0%         N/A       38%         1
 Sting                    Conj/Alch      0%         1d3       38%         1
 Summon Small Mammal      Summ           0%         N/A       38%         1
 Blink                    Tloc           0%         N/A       52%         2
 Call Imp                 Summ           0%         N/A       52%         2
 Cigotuvi's Dreadful Rot  Necr/Alch/Air  0%         N/A       52%         2
 Ensorcelled Hibernation  Hex/Ice        0%         N/A       52%         2
 Jinxbite                 Hex            0%         N/A       52%         2
 Momentum Strike          Conj/Tloc      0%         3d8       52%         2
 Searing Ray              Conj           0%         2d4       52%         2
 Sublimation of Blood     Necr           0%         N/A       52%         2
 Call Canine Familiar     Summ           0%         N/A       77%         3
 Confusing Touch          Hex            0%         N/A       77%         3
 Gell's Gravitas          Tloc           0%         N/A       77%         3
 Inner Flame              Hex/Fire       0%         N/A       77%         3
 Ozocubu's Armour         Ice            0%         N/A       77%         3
 Sigil of Binding         Hex            0%         N/A       77%         3
 Stone Arrow              Conj/Erth      0%         3d7       77%         3
 Swiftness                Air            0%         N/A       77%         3
 Teleport Other           Tloc           0%         N/A       77%         3
 Vampiric Draining        Necr           0%         2d6       77%         3
 Airstrike                Air            0%         2d(0-16)  99%         4
 Anguish                  Hex/Necr       0%         N/A       99%         4
 Animate Armour           Summ/Erth      0%         N/A       99%         4
 Animate Dead             Necr           0%         N/A       99%         4
 Cause Fear               Hex            0%         N/A       99%         4
 Dimensional Bullseye     Hex/Tloc       0%         N/A       99%         4
 Dispel Undead            Necr           0%         3d6       99%         4
 Fulminant Prism          Conj/Alch      0%         3d5       99%         4
 Ignite Poison            Fire/Alch      0%         N/A       99%         4
 Martyr's Knell           Necr/Summ      0%         N/A       99%         4
 Sticky Flame             Fire/Alch      0%         2d4       99%         4
 Summon Lightning Spire   Summ/Air       0%         N/A       99%         4
 Curse of Agony           Necr           0%         N/A       100%        5
 Fireball                 Conj/Fire      0%         3d3       100%        5
 Freezing Cloud           Conj/Ice/Air   0%         6-21      100%        5
 Irradiate                Conj/Alch      0%         3d11      100%        5
 Lee's Rapid Deconstruct  Erth           0%         3d4*      100%        5
 Metabolic Englaciation   Hex/Ice        0%         N/A       100%        5
 Yara's Violent Unravell  Hex/Alch       0%         3d3       100%        5
 Death Channel            Necr           0%         N/A       100%        6
 Dispersal                Tloc           0%         N/A       100%        6
 Sculpt Simulacrum        Ice/Alch       0%         N/A       100%        6
 Summon Cactus Giant      Summ           0%         N/A       100%        6
 Enfeeble                 Hex            0%         N/A       100%        7
 Haunt                    Necr/Summ      0%         N/A       100%        7
 Summon Hydra             Summ           0%         N/A       100%        7
 Ignition                 Fire           0%         3d3       100%        8
 Infestation              Necr           0%         N/A       100%        8
 Lehudib's Crystal Spear  Conj/Erth      0%         10d2      100%        8
 Dragon's Call            Summ           0%         N/A       100%        9


Dungeon Overview and Level Annotations

Branches:
Dungeon (15/15)            Temple (0/1) D:4            Lair (5/5) D:9
 Shoals (4/4) Lair:3        Snake (4/4) Lair:3        Slime (5/5) Lair:5
    Orc (2/2) D:11            Elf (2/3) Orc:2        Vaults (4/5) D:13
  Crypt (0/3) Vaults:2     Depths (4/4) D:15            Zot (5/5) Depths:4
 Bailey (visited)          WizLab (visited)

Altars:
Cheibriados
Dithmenos
Elyvilon
Fedhas
Hepliaklqana
Makhleb
Okawaru
Qazlal
Sif Muna
Trog
Uskayaw
Vehumet
Wu Jian
The Shining One
Jiyva

Shops:
D:5 :=   D:6 ?*   D:7 !   D:8 *(=:   D:9 [*?   D:11 [(:   Orc:2 [[**   Elf:1 *=
Elf:2 [   Shoals:1 :**   Shoals:2 (   Shoals:3 *   Vaults:1 (   Vaults:2 [
Vaults:3 *   Zot:3 *   Depths:2 ::=

Portals:
Hell: Depths:1 Depths:2 Depths:3 Depths:4
Abyss: Depths:1 Depths:3 Depths:4
Pandemonium: Depths:2 Depths:3
Ziggurat: Depths:2

Annotations:
Slime:5 Royal Jelly
Depths:1 exclusion: door
Depths:4 5 runed translucent doors


Innate Abilities, Weirdness & Mutations

Armour fits poorly on your strangely shaped body.
You have extremely tough skin. (AC +3)
You have a long armoured tail.
You regenerate magic and health when rolling toward enemies. (Rampage Regen)
You have a pair of small antennae on your head.
Your tail ends in a sharp venomous barb.
You have claws for feet.
You are very clumsy. (Dex -4)
Your flesh is very cold resistant. (rC++)
Your flesh is heat resistant. (rF+)
You are extremely frail. (-30% HP)
Your magical capacity is very low. (-20% MP)
You are occasionally teleported next to monsters.
Armour fits poorly on your large pseudopods.
Potions are less effective at restoring your health.
Your spells are a little easier to cast, but a little less powerful.
You occasionally lose the ability to read scrolls when taking damage.
Your melee attacks may engulf your foes in ooze.


Message History

There is a stone staircase leading up here.
You climb upwards.
There is a stone staircase leading down here.
There is a stone staircase leading up here.
You climb upwards.
There is a stone staircase leading down here.
There is a stone staircase leading up here.
You climb upwards.
There is a stone staircase leading down here.
A daeva comes into view.
It is wielding a +3 scimitar of holy wrath and wearing the +4 tower shield of Classification {+Blink Dex+3}.
Blink to where?
Press: ? - help, Dir - move target
As you read the scroll of blinking, it crumbles to dust.
Blink to where?
Press: ? - help, Dir - move target
As you read the scroll of blinking, it crumbles to dust.
There is a stone staircase leading up here.
You climb upwards.
There is a stone staircase leading down here.
You sense a monster nearby. 4 golden eyes come into view.
Okay, then.
You roll towards the golden eye!
A golden eye comes into view.
Okay, then.
The golden eye turns its gaze towards you. x5
The golden eye stares at you suspiciously for a moment, then relaxes. x5
You swap places.
Jiyva gurgles merrily.
You see here a bat skeleton.
You hear a distant slurping noise.
You hear a distant slurping noise.
You hear a distant slurping noise.
You hear a distant slurping noise.
You see here a hobgoblin skeleton.
You swap places.
You hear a distant slurping noise.
There is an open door here.
There is a staircase leading out of the dungeon here.
You have escaped!

#.##..##...#~.~#≈§≈#..###.#
#.##..##...#~.~#≈≈.#......#
#.##...#...#~.~#≈..#..#####
#.##.###...#...#...#### #.##.#
#...........# #.##.#
#...........# #.##.#
#...........#
#....###...........#
#÷÷....#.....@.....#########
#.######...........##G..G..###
#.# ###############....G....
#.# #.# #..........###.### #.#
#.# #.......##.# #.# #.#####.#
#.......##.# #.# #.......#
#.......##.# #.### ####.####
##########.# #.... #.# #.#
#####


There were no monsters in sight!

Vanquished Creatures
  A dread lich (Zot:4)
  Mara (Depths:1)
  Mennas (Depths:3)
  6 orbs of fire
  3 ancient liches
  Sojobo (Depths:2)
  Bai Suzhen (Depths:1)
  10 Killer Klowns
  4 curse toes
  Nikola (Snake:3)
  8 golden dragons
  2 electric golems (Zot:5)
  A Brimstone Fiend (Zot:5)
  A Hell Sentinel (Depths:3)
  25 Orb Guardians
  A moon troll (WizLab)
  Rupert (Lair:5)
  A walking earthen tome (Depths:4)
  17 tentacled monstrosities
  Asterion (Snake:2)
  11 quicksilver dragons
  2 sphinxes
  An Executioner (Zot:2)
  6 tentacled starspawn (WizLab)
  Polyphemus (Shoals:3)
  8 death cobs
  9 shadow dragons
  Aizul (Snake:1)
  The ghost of sdfx the Warrior, an adept MDRe of Kikubaaqudgha (Snake:4)
  13 storm dragons
  Donald (Shoals:4)
  3 tengu reavers
  9 protean progenitors
  7 draconian monks
  5 frost giants
  4 deep elf sorcerers (Vaults:4)
  6 draconian shifters
  5 vault wardens
  5 spectral caustic shrikes (Depths:1)
  3 fire giants
  6 nagarajas
  A draconian scorcher (Zot:4)
  3 draconian stormcallers
  Louise (Snake:1)
  4 draconian knights
  4 ghost moths
  2 cacodemons (WizLab)
  12 very ugly things
  15 ironbound preservers
  16 stone giants
  10 draconian annihilators
  2 ironbound thunderhulks
  2 vampire knights (Vaults:2)
  6 green draconians
  The ghost of Nyony the Fighter, a journeyman TrSh of Gozag (Lair:1)
  4 war gargoyles (Vaults:4)
  3 deep elf death magi (Vaults:4)
  11 black draconians
  11 spark wasps
  The ghost of Kedox the Fighter, a journeyman DrCA of Ignis (Lair:1)
  4 deep elf annihilators
  22 white draconians
  7 dire elephants
  12 red draconians
  17 yellow draconians
  12 purple draconians
  The ghost of caek the Fighter, a journeyman CoCK of Okawaru (Lair:1)
  3 ettins
  4 merfolk javelineers
  6 merfolk impalers
  3 deep elf high priests
  6 entropy weavers
  7 yaktaur captains
  6 crystal guardians
  12 fire dragons
  The ghost of Lionuul the Grappler, a journeyman TrSh of Wu Jian (Lair:1)
  5 salamander tyrants
  4 rakshasas
  Erolcha (D:11)
  3 hydras
  2 ogre magi
  3 merfolk avatars
  2 catoblepae
  8 merfolk aquamancers
  3 alligator snapping turtles
  6 ironbound frosthearts
  6 anacondas
  The ghost of Axtaw the Martial Artist, a journeyman DsSh of Ru (Lair:1)
  6 ice dragons
  11 two-headed ogres
  2 jorogumos (Zot:5)
  A spriggan air mage (Depths:3)
  15 centaur warriors
  24 dancing weapons
  11 boulder beetles
  A tengu warrior (Depths:2)
  16 death yaks
  3 spriggan berserkers
  An occultist (D:15)
  2 satyrs (Zot:3)
  2 deep troll shamans
  5 deep troll earth magi
  10 naga warriors
  3 orc high priests (Orc:2)
  5 shock serpents
  15 deep elf knights
  Urug (Lair:2)
  A sun demon (Zot:5)
  6 hell knights
  15 naga sharpshooters
  5 iron trolls
  6 skysharks
  A spark wasp zombie (Depths:1)
  3 skeletal warriors (D:14)
  4 goliath frogs
  An orange crystal statue (WizLab)
  2 shadow demons (Depths:3)
  3 swamp dragons (Zot:3)
  A storm dragon skeleton (Depths:1)
  53 deep trolls
  16 sea snakes
  A flayed ghost (Depths:3)
  4 naga ritualists
  9 deep elf archers
  8 mana vipers
  7 arcanists
  11 ironbound convokers
  2 lindwurms (Vaults:2)
  8 thermic dynamos
  7 orc knights
  9 harpies
  29 deep elf pyromancers
  17 deep elf zephyrmancers
  5 large abominations (D:9)
  3 necromancers
  8 fauns
  A manticore (shapeshifter) (D:14)
  7 orc sorcerers
  25 ugly things
  2 wolf spiders (Zot:3)
  12 salamanders
  A meliai (shapeshifter) (Vaults:4)
  7 cyclopes
  A tengu skeleton (Depths:1)
  27 moths of wrath
  A fire giant zombie (Vaults:1)
  12 manticores
  32 elephants
  5 merfolk sirens
  6 guardian serpents
  A meliai (D:15)
  9 naga magi
  5 kobold blastminers
  A stone giant skeleton (Depths:1)
  27 black mambas
  A water nymph (shapeshifter) (Vaults:4)
  16 vault sentinels
  5 water nymphs
  20 cane toads
  4 gargoyles
  11 komodo dragons
  13 yaktaurs
  A freezing wraith (D:15)
  2 kobold demonologists
  4 rime drakes
  A tengu conjurer (Depths:1)
  A troll (shapeshifter) (D:15)
  A merfolk (shapeshifter) (Vaults:4)
  9 wind drakes
  9 trolls
  A polar bear (Lair:5)
  A raiju (D:11)
  34 merfolk
  2 tyrant leeches (Lair:5)
  14 dream sheep
  A raiju (shapeshifter) (D:15)
  2 hornets
  21 blink frogs
  10 snapping turtles
  A shadow (D:10)
  An elf skeleton (Vaults:1)
  A spriggan (D:7)
  19 water elementals
  2 wyverns
  A ynoxinul (Depths:3)
  5 starcursed masses (WizLab)
  56 yaks
  4 basilisks
  A vampire (D:10)
  4 wraiths
  5 fire elementals
  3 wargs (Orc:2)
  5 vampire mosquitoes
  2 steam dragons
  A redback (Vaults:3)
  4 acid dragons
  27 nagas
  10 water moccasins
  A glowing shapeshifter zombie (Vaults:1)
  2 hell hounds (D:15)
  A human zombie (Vaults:1)
  A black bear (D:9)
  9 ice beasts
  20 orc warriors
  An ice beast (shapeshifter) (D:15)
  2 laughing skulls
  6 small abominations (D:9)
  3 wolves (Lair:1)
  11 ogres
  9 boggarts
  10 centaurs
  A phantom (D:5)
  7 kobold brigands
  14 bullfrogs
  3 gnoll sergeants
  4 scorpions
  9 wights
  7 killer bees
  7 electric eels
  A howler monkey (D:5)
  2 bombardier beetles (D:5)
  6 hounds
  27 orc priests
  Crazy Yiuf (D:7)
  3 gnoll boudas
  4 iguanas
  Terence (D:3)
  28 orc wizards
  A sleepcap (D:6)
  7 hell rats (Lair:1)
  12 adders
  17 gnolls
  2 shadow imps
  14 white imps
  4 ufetubi (D:5)
  4 dart slugs
  4 ribbon worms
  77 orcs
  2 bats
  7 endoplasms
  4 giant cockroaches
  10 hobgoblins
  2 jackals (D:3)
  4 quokkas
  3 training dummies (Shoals:2)
  7 ball pythons
  5 frilled lizards
  A goblin (D:2)
  30 kobolds
  9 rats
  An aspiring flesh (Zot:4)
  7 starspawn tentacles (WizLab)
  2 tentacles (Shoals:4)
1804 creatures vanquished.

Vanquished Creatures (collateral kills)
  Azrael (D:15)
  A deep troll earth mage (D:15)
  An ugly thing (D:15)
  A cyclops (Shoals:2)
  A merfolk (Shoals:2)
  A dream sheep (Shoals:2)
  A snapping turtle (Shoals:2)
  2 fire elementals (D:15)
9 creatures vanquished.

Vanquished Creatures (others)
  A quicksilver dragon (WizLab)
  A kraken (Shoals:4)
  An azure jelly (Zot:5)
  A draconian knight (Zot:2)
  An ironbound thunderhulk (Vaults:2)
  8 great orbs of eyes
  A merfolk avatar (Shoals:4)
  A merfolk aquamancer (Shoals:4)
  An alligator snapping turtle (Shoals:4)
  2 centaur warriors
  A boulder beetle (Vaults:2)
  A deep elf knight (Elf:2)
  A flayed ghost (Depths:4)
  5 glowing orange brains
  A sea snake (shapeshifter) (Vaults:3)
  An ironbound convoker (Vaults:1)
  A deep elf zephyrmancer (Elf:1)
  An ugly thing (WizLab)
  2 merfolk sirens (Shoals:4)
  A vault sentinel (Vaults:2)
  4 eyes of devastation (WizLab)
  An unseen horror (D:11)
  2 merfolk (Shoals:4)
  A wind drake (Shoals:4)
  A troll (D:14)
  A snapping turtle (Shoals:4)
  A dream sheep (Shoals:2)
  8 slime creatures
  A shadow (D:9)
  2 water elementals (Shoals:4)
  A wyvern (D:9)
  A golden eye (WizLab)
  A neqoxec (WizLab)
  A basilisk (D:12)
  A naga (Snake:3)
  An orc warrior (Orc:2)
  A laughing skull (D:14)
  A boggart (Vaults:1)
  2 centaurs
  193 jellies
  6 orcs
  2 foxfires (Snake:4)
  13 starspawn tentacles (WizLab)
  6 tentacles (Shoals:4)
285 creatures vanquished.

Grand Total: 2098 creatures vanquished

Notes
Turn   | Place    | Note
-------+----------+-------------------------------------------
     0 | D:1      | adelrune the Armataur Fighter began the quest for the Orb.
     0 | D:1      | Reached XP level 1. HP: 18/18 MP: 1/1
    47 | D:1      | Reached XP level 2. HP: 15/25 MP: 2/2
   250 | D:1      | Reached skill level 4 in Armour
   648 | D:1      | Found a faded altar of an unknown god.
   812 | D:2      | Reached XP level 3. HP: 22/31 MP: 3/3
   887 | D:2      | Identified the +2 kite shield "Qigabeka" {Rampage Will+}
  1037 | D:2      | Reached XP level 4. HP: 24/38 MP: 4/4
  1481 | D:3      | Reached XP level 5. HP: 24/45 MP: 5/5
  2096 | D:3      | Found a white marble altar of Elyvilon.
  2174 | D:3      | Noticed Terence
  2179 | D:3      | Killed Terence
  2213 | D:3      | Became a worshipper of Elyvilon the Healer
  2360 | D:4      | Reached XP level 6. HP: 33/51 MP: 6/6
  2587 | D:4      | Found a staircase to the Ecumenical Temple.
  2789 | D:4      | Found a burning altar of Makhleb.
  2816 | D:4      | Reached skill level 5 in Armour
  3083 | D:4      | Reached * piety under Elyvilon
  3208 | D:5      | Entered Level 5 of the Dungeon
  3262 | D:5      | Reached skill level 1 in Invocations
  3338 | D:5      | Gained mutation: You regenerate magic and health when
                  | rolling toward enemies. (Rampage Regen) [Armataur growth]
  3338 | D:5      | Reached XP level 7. HP: 58/58 MP: 7/7
  3683 | D:5      | Reached skill level 5 in Axes
  3916 | D:5      | Found a snail-covered altar of Cheibriados.
  3950 | D:5      | Found Molaid's Jewellery Boutique.
  3992 | D:5      | Found Guevof's Tremendous Tomes.
  4064 | D:5      | Reached ** piety under Elyvilon
  4094 | D:5      | Found an iron altar of Okawaru.
  4485 | D:5      | Reached skill level 5 in Shields
  4690 | D:5      | Reached XP level 8. HP: 29/66 MP: 9/9
  4825 | D:6      | Noticed a +0 hand axe
  4825 | D:6      | Noticed a +0 dagger
  4829 | D:6      | Found a hide-covered altar of Uskayaw.
  4848 | D:5      | Reached skill level 6 in Armour
  5245 | D:6      | Found Ydwuwnul's Mail-Order Catalogue.
  5361 | D:6      | Found Ariastog's Magic Scroll Boutique.
  5368 | D:6      | Bought a scroll of teleportation for 42 gold pieces
  5368 | D:6      | Bought a scroll of identify for 28 gold pieces
  5432 | D:6      | Reached *** piety under Elyvilon
  5676 | D:6      | Reached skill level 5 in Fighting
  6113 | D:7      | Reached XP level 9. HP: 56/74 MP: 11/11
  6149 | D:7      | You fall into a shaft and drop 2 floors!
  6149 | D:9      | Found a hazy altar of Hepliaklqana.
  6157 | D:9      | Noticed a two-headed ogre
  6160 | D:9      | Noticed a kobold demonologist
  6162 | D:9      | Noticed an arcanist
  6173 | D:9      | Killed an arcanist
  6174 | D:9      | Reached skill level 7 in Armour
  6198 | D:9      | Noticed a manticore
  6201 | D:9      | Noticed a two-headed ogre
  6207 | D:9      | Pacified a manticore
  6215 | D:9      | Killed a two-headed ogre
  6282 | D:9      | Reached skill level 8 in Armour
  6454 | D:9      | Reached XP level 10. HP: 77/83 MP: 13/13
  6478 | D:9      | Found Jueneeno's Magic Scroll Emporium.
  6479 | D:9      | Found Kexitij's General Store.
  6480 | D:9      | Found Rinyusip's Antique Armour Emporium.
  6481 | D:9      | Reached skill level 5 in Invocations
  6517 | D:9      | Found a flagged portal.
  6526 | Bailey   | Entered a bailey
  6658 | D:9      | Noticed an orc knight
  6658 | D:9      | Noticed an orc sorcerer
  6804 | D:7      | Found a shadowy altar of Dithmenos.
  6808 | D:7      | Found an ornate altar of the Wu Jian Council.
  7177 | D:7      | Found Emyin's Distillery.
  7539 | D:7      | Found a runed translucent door.
  7540 | D:7      | Noticed Crazy Yiuf
  7704 | D:7      | Killed Crazy Yiuf
  7851 | D:8      | Found a stormy altar of Qazlal.
  7985 | D:8      | Found Exufev's Assorted Antiques.
  8113 | D:8      | Found a radiant altar of Vehumet.
  8462 | D:8      | Found Noam Jee's Book Boutique.
  8496 | D:8      | Found Cuutemib's Jewellery Shoppe.
  8637 | D:8      | Found Valopn's Weapon Shoppe.
  8714 | D:9      | Found a blossoming altar of Fedhas.
  8751 | D:9      | Reached **** piety under Elyvilon
  8811 | D:9      | Noticed a cyclops
  8824 | D:9      | Killed a cyclops
  8932 | D:9      | Noticed a sixfirhy
  8934 | D:9      | Noticed a smoke demon
  8943 | D:9      | Noticed an orange demon
  8946 | D:9      | Noticed a sixfirhy
  9202 | D:8      | Reached skill level 9 in Armour
  9253 | D:9      | Paralysed by a hornet for 1 turns
  9458 | D:9      | Found a staircase to the Lair.
  9458 | D:9      | Identified the +1 broad axe of Voip {drain, rN+}
  9494 | D:9      | Reached XP level 11. HP: 54/91 MP: 15/15
  9501 | D:9      | Noticed a centaur warrior
  9526 | D:9      | Killed a centaur warrior
  9657 | D:9      | Noticed a centaur warrior
  9673 | D:9      | Killed a centaur warrior
 10075 | D:9      | Killed a two-headed ogre
 10294 | D:9      | Noticed a large abomination
 10299 | D:9      | Noticed a large abomination
 10310 | D:9      | Killed a large abomination
 10317 | D:9      | Killed a large abomination
 10318 | D:9      | Reached skill level 10 in Armour
 10515 | D:9      | Noticed a large abomination
 10653 | D:9      | Killed a large abomination
 10692 | D:9      | Reached skill level 10 in Axes
 10700 | D:9      | Identified the +0 scale mail "Pudueq" {SInv}
 10701 | D:9      | Identified the +0 ring mail "Diasefra" {rElec rPois Str-2
                  | Slay-4}
 10702 | D:9      | Identified the ring of the Scarab {rN+ Int+4}
 10759 | D:10     | Entered Level 10 of the Dungeon
 11428 | D:10     | Reached XP level 12. HP: 77/101 MP: 17/17
 11545 | D:10     | Found a glowing golden altar of the Shining One.
 12055 | Lair:1   | Entered Level 1 of the Lair of Beasts
 12055 | Lair:1   | Noticed Nyony's ghost (journeyman TrSh)
 12055 | Lair:1   | Found a runed translucent gate.
 12055 | Lair:1   | Found a runed translucent gate.
 12055 | Lair:1   | Found a runed translucent gate.
 12056 | Lair:1   | Noticed Axtaw's ghost (journeyman DsSh)
 12058 | Lair:1   | Noticed caek's ghost (journeyman CoCK)
 12060 | Lair:1   | Noticed Kedox's ghost (journeyman DrCA)
 12060 | Lair:1   | Noticed Lionuul's ghost (journeyman TrSh)
 12223 | Lair:1   | Found a shadowy altar of Dithmenos.
 13062 | Lair:1   | Reached ***** piety under Elyvilon
 13460 | Lair:1   | Killed Kedox's ghost
 13461 | Lair:1   | Reached skill level 11 in Armour
 13690 | Lair:2   | Noticed Urug
 13702 | Lair:2   | Killed Urug
 14201 | Lair:2   | Reached skill level 10 in Shields
 15380 | Lair:1   | Killed Lionuul's ghost
 15391 | Lair:1   | Killed Nyony's ghost
 15423 | Lair:1   | Killed Axtaw's ghost
 15447 | Lair:1   | Killed caek's ghost
 15584 | Lair:1   | Got the Precepts of the Union and Frostbite
 15605 | Lair:1   | Identified the ring "Aroihiet" {*Corrode rElec Int+6 Dex+6
                  | Stlth+}
 15717 | D:5      | Bought the amulet of Happiness {Reflect rElec rN+ Str+5
                  | Dex-2 SH+5} for 708 gold pieces
 15888 | Lair:3   | Reached XP level 13. HP: 110/110 MP: 19/19
 15916 | Lair:3   | Found a staircase to the Shoals.
 16038 | Lair:3   | Found a staircase to the Snake Pit.
 16542 | Lair:3   | Reached skill level 1 in Evocations
 16879 | Lair:4   | Reached skill level 12 in Armour
 17937 | Lair:5   | Entered Level 5 of the Lair of Beasts
 17944 | Lair:5   | Reached XP level 14. HP: 119/119 MP: 20/20
 17955 | Lair:5   | Noticed Rupert
 17981 | Lair:4   | Reached skill level 10 in Fighting
 18080 | Lair:5   | Reached skill level 13 in Armour
 18566 | Lair:5   | Reached skill level 5 in Evocations
 18583 | Lair:5   | Reached ****** piety under Elyvilon
 19088 | Lair:5   | Killed Rupert
 19557 | Lair:5   | Identified the +5 war axe of Bulint {pain, rCorr Int+4}
 19633 | Lair:5   | Found a viscous altar of Jiyva.
 19633 | Lair:5   | Found a staircase to the Slime Pits.
 19637 | Lair:5   | Fell from the grace of Elyvilon
 19637 | Lair:5   | Became a worshipper of Jiyva Jikauvoj the Shapeless
 19921 | D:11     | Noticed Erolcha
 19932 | D:11     | Found Joluezub's Weapon Shoppe.
 19937 | D:11     | Killed Erolcha
 20165 | D:11     | Reached XP level 15. HP: 128/128 MP: 21/21
 20183 | D:11     | Found Domat's Armour Boutique.
 20281 | D:11     | Found a staircase to the Orcish Mines.
 20350 | D:11     | Noticed Sonja
 20351 | D:11     | Sonja changed into Sonja the raiju
 20351 | D:11     | Noticed Sonja
 20356 | D:11     | Killed Sonja the raiju
 20589 | D:11     | Found a snail-covered altar of Cheibriados.
 20673 | D:11     | Found Xajuikla's Book Boutique.
 20786 | Orc:1    | Entered Level 1 of the Orcish Mines
 20801 | Orc:1    | Reached skill level 14 in Armour
 20876 | Orc:1    | Reached * piety under Jiyva
 21093 | Orc:2    | Entered Level 2 of the Orcish Mines
 21283 | Orc:2    | Found Fela's General Store.
 21507 | Orc:2    | Reached ** piety under Jiyva
 21782 | Orc:2    | Found Gidissu's Armour Boutique.
 21802 | Orc:2    | Found Ruvoimea's Armour Boutique.
 21802 | Orc:2    | Found Saguj's General Store.
 21831 | Orc:2    | Bought a scroll of teleportation for 42 gold pieces
 21892 | Orc:2    | Found a staircase to the Elven Halls.
 22284 | D:11     | Bought the +10 tower shield of Ignorance {rN+ Int-4} for
                  | 687 gold pieces
 22284 | D:11     | Found the +10 tower shield of Ignorance {rN+ Int-4}
 22428 | Orc:2    | Bought a +0 pair of gloves for 49 gold pieces
 22667 | D:12     | Reached *** piety under Jiyva
 22770 | D:12     | Gained mutation: You have large cloven feet. [Jiyva's
                  | grace]
 22770 | D:12     | Gained mutation: You have hoof-like feet. [Jiyva's grace]
 22770 | D:12     | Gained mutation: You have hooves in place of feet. [Jiyva's
                  | grace]
 22770 | D:12     | Gained mutation: You have a small jelly attached to you
                  | that senses nearby items. [Jiyva's grace]
 23329 | D:13     | Reached **** piety under Jiyva
 23639 | D:13     | Found a gate to the Vaults.
 23703 | D:13     | Reached ***** piety under Jiyva
 24394 | D:14     | Lost mutation: You have hooves in place of feet. [Jiyva's
                  | grace]
 24394 | D:14     | Gained mutation: You are partially covered in iridescent
                  | scales. (AC +2) [Jiyva's grace]
 24394 | D:14     | Gained mutation: You are mostly covered in iridescent
                  | scales. (AC +4) [Jiyva's grace]
 24394 | D:14     | Gained mutation: You are completely covered in iridescent
                  | scales. (AC +6) [Jiyva's grace]
 24394 | D:14     | Gained mutation: Your spells are a little harder to cast,
                  | but a little more powerful. [Jiyva's grace]
 24660 | D:15     | Entered Level 15 of the Dungeon
 24770 | D:15     | Reached skill level 1 in Dodging
 24802 | D:15     | Noticed Azrael
 24814 | D:15     | Killed Azrael
 24945 | D:15     | Reached XP level 16. HP: 138/138 MP: 22/22
 24974 | D:15     | Reached ****** piety under Jiyva
 25052 | D:15     | Found an ornate altar of the Wu Jian Council.
 25205 | D:15     | Found a portal to a secret trove of treasure.
 25488 | Slime:1  | Entered Level 1 of the Pits of Slime
 25499 | Slime:3  | Noticed an acid blob
 25541 | Slime:4  | Noticed an acid blob
 25554 | Slime:5  | Entered Level 5 of the Pits of Slime
 25583 | Slime:5  | Noticed an acid blob
 25583 | Slime:5  | Noticed the Royal Jelly
 25586 | Slime:5  | Found a viscous altar of Jiyva.
 25586 | Slime:5  | Noticed an acid blob
 25586 | Slime:5  | Noticed an acid blob
 25590 | Slime:5  | Noticed an acid blob
 25590 | Slime:5  | Noticed an acid blob
 25593 | Slime:5  | Noticed an acid blob
 25599 | Slime:5  | Identified the +1 chain mail "Itishev" {rN+}
 25620 | Slime:5  | Got a starry gem with 457 turns to spare
 25622 | Slime:5  | Identified the ring of Mirth {rC+ rN+ Str+5 Int+3}
 25627 | Slime:5  | Got a slimy rune of Zot
 25646 | Slime:5  | Identified the ring of Yttimm {rC- AC+4 Int+2 Dex+2 SInv}
 25648 | Slime:5  | Identified the ring of Awe {rElec rN++ Str+6 Dex-5 Stlth+}
 25678 | Slime:5  | Identified the +6 great sword of the Blessed Realm {holy,
                  | rElec Dex+5 SInv}
 25708 | Slime:5  | Noticed an acid blob
 25752 | Slime:5  | Noticed an acid blob
 25785 | Slime:5  | Noticed an acid blob
 26048 | Lair:1   | Identified the +1 quarterstaff of Fear {vamp, rF+ Will+}
 26119 | Shoals:1 | Entered Level 1 of the Shoals
 26148 | Shoals:1 | Lost mutation: You have hoof-like feet. [Jiyva's grace]
 26148 | Shoals:1 | Lost mutation: You are completely covered in iridescent
                  | scales. (AC +6) [Jiyva's grace]
 26148 | Shoals:1 | Lost mutation: You are mostly covered in iridescent scales.
                  | (AC +4) [Jiyva's grace]
 26148 | Shoals:1 | Gained mutation: Your melee attacks may engulf your foes in
                  | ooze. [Jiyva's grace]
 26148 | Shoals:1 | Gained mutation: Your tail ends in a venomous barb.
                  | [Jiyva's grace]
 26148 | Shoals:1 | Gained mutation: Your tail ends in a sharp venomous barb.
                  | [Jiyva's grace]
 26148 | Shoals:1 | Gained mutation: Your tail ends in a wickedly sharp and
                  | venomous barb. [Jiyva's grace]
 26209 | Shoals:1 | You fall into a shaft and drop 1 floor!
 26209 | Shoals:2 | Found Capaxt's Firing Range.
 26399 | Shoals:2 | Reached skill level 15 in Axes
 26807 | Shoals:1 | Found Caunut's Book Shoppe.
 27177 | Shoals:1 | Found Alounyr's General Store.
 27181 | Shoals:1 | Found Zuyd's Specific Store.
 27498 | Shoals:3 | Noticed Polyphemus
 27514 | Shoals:3 | Killed Polyphemus
 27718 | Shoals:3 | Found Gacyij's Assorted Antiques.
 27928 | Shoals:4 | Entered Level 4 of the Shoals
 27928 | Shoals:4 | Lost mutation: Your tail ends in a wickedly sharp and
                  | venomous barb. [Jiyva's grace]
 27928 | Shoals:4 | Lost mutation: Your spells are a little harder to cast, but
                  | a little more powerful. [Jiyva's grace]
 27928 | Shoals:4 | Lost mutation: You have a small jelly attached to you that
                  | senses nearby items. [Jiyva's grace]
 27928 | Shoals:4 | Gained mutation: You have a pair of small horns on your
                  | head. [Jiyva's grace]
 27928 | Shoals:4 | Gained mutation: You have a pair of horns on your head.
                  | [Jiyva's grace]
 27928 | Shoals:4 | Gained mutation: You have a pair of large horns on your
                  | head. [Jiyva's grace]
 27928 | Shoals:4 | Gained mutation: You are agile. (Dex +4, Str/Int -1)
                  | [Jiyva's grace]
 27932 | Shoals:4 | Identified the +1 kite shield of Ixapeyf {rCorr Int+2}
 27932 | Shoals:4 | Noticed Donald
 27950 | Shoals:4 | Killed Donald
 27967 | Shoals:4 | Reached skill level 5 in Dodging
 28124 | Shoals:4 | Noticed a kraken
 28131 | Shoals:4 | Reached XP level 17. HP: 90/147 MP: 23/23
 28136 | Shoals:4 | Killed a kraken
 28151 | Shoals:4 | Got a barnacled rune of Zot
 29376 | Snake:1  | Entered Level 1 of the Snake Pit
 29952 | Snake:1  | Lost mutation: Your tail ends in a sharp venomous barb.
                  | [Jiyva's grace]
 29952 | Snake:1  | Lost mutation: You are agile. (Dex +4, Str/Int -1) [Jiyva's
                  | grace]
 29952 | Snake:1  | Gained mutation: Your muscles are strong. (Str +4, Int/Dex
                  | -1) [Jiyva's grace]
 29952 | Snake:1  | Gained mutation: Your muscles are very strong. (Str +8,
                  | Int/Dex -2) [Jiyva's grace]
 29952 | Snake:1  | Gained mutation: Your flesh is cold resistant. (rC+)
                  | [Jiyva's grace]
 29952 | Snake:1  | Gained mutation: Your flesh is very cold resistant. (rC++)
                  | [Jiyva's grace]
 29964 | Snake:1  | Identified the serpent talisman of Distant Worlds {rC+}
 29964 | Snake:1  | Noticed Aizul
 29978 | Snake:1  | Killed Aizul
 30012 | Snake:1  | Noticed Louise
 30026 | Snake:1  | Killed Louise
 30629 | Snake:2  | Noticed Asterion
 30640 | Snake:2  | Killed Asterion
 31036 | Snake:3  | Noticed Nikola
 31048 | Snake:3  | Killed Nikola
 31271 | Snake:3  | Reached skill level 10 in Evocations
 31367 | Snake:3  | Reached skill level 15 in Shields
 31540 | Snake:4  | Entered Level 4 of the Snake Pit
 31550 | Snake:4  | Reached XP level 18. HP: 146/157 MP: 24/24
 31686 | Snake:4  | Lost mutation: Your tail ends in a venomous barb. [Jiyva's
                  | grace]
 31686 | Snake:4  | Lost mutation: Your flesh is very cold resistant. (rC++)
                  | [Jiyva's grace]
 31686 | Snake:4  | Gained mutation: You have hoof-like feet. [Jiyva's grace]
 31686 | Snake:4  | Gained mutation: You have hooves in place of feet. [Jiyva's
                  | grace]
 31686 | Snake:4  | Gained mutation: Your tail ends in a venomous barb.
                  | [Jiyva's grace]
 31686 | Snake:4  | Gained mutation: Your tail ends in a sharp venomous barb.
                  | [Jiyva's grace]
 31968 | Snake:4  | Found a runed translucent door.
 31972 | Snake:4  | Noticed sdfx's ghost (adept MDRe)
 31997 | Snake:4  | Killed sdfx's ghost
 32001 | Snake:4  | Identified the +6 falchion of Hamipex {heavy, rCorr Str+5
                  | Int-4}
 32675 | Snake:4  | Got a serpentine rune of Zot
 33219 | Elf:1    | Entered Level 1 of the Elven Halls
 33301 | Elf:1    | Found Susij's General Store.
 33450 | Elf:1    | Found Ewodix's Jewellery Boutique.
 33627 | Elf:1    | Found a shimmering blue altar of Sif Muna.
 33788 | Elf:1    | Reached skill level 15 in Armour
 33916 | Elf:2    | Found a magical portal.
 34065 | WizLab   | Entered Lehudib's Moon Base
 34174 | WizLab   | Lost mutation: You have hooves in place of feet. [Jiyva's
                  | grace]
 34174 | WizLab   | Lost mutation: You have a pair of large horns on your head.
                  | [Jiyva's grace]
 34174 | WizLab   | Lost mutation: Your tail ends in a sharp venomous barb.
                  | [Jiyva's grace]
 34174 | WizLab   | Lost mutation: Your muscles are very strong. (Str +8,
                  | Int/Dex -2) [Jiyva's grace]
 34174 | WizLab   | Gained mutation: Your movements are slightly less
                  | encumbered by armour. (ER -2) [Jiyva's grace]
 34174 | WizLab   | Gained mutation: Your movements are less encumbered by
                  | armour. (ER -4) [Jiyva's grace]
 34174 | WizLab   | Gained mutation: Your movements are significantly less
                  | encumbered by armour. (ER -6) [Jiyva's grace]
 34174 | WizLab   | Gained mutation: Armour fits poorly on your pseudopods.
                  | [Jiyva's grace]
 34228 | WizLab   | Paralysed by accursed screaming for 1 turns
 34477 | WizLab   | Identified the +1 pair of gloves of Kiufopny {Int+5 Stlth-}
 34548 | WizLab   | Reached XP level 19. HP: 166/166 MP: 25/25
 34561 | WizLab   | Found a transporter.
 34796 | WizLab   | Found a transporter.
 35091 | WizLab   | Got Lehudib's Spellbook of the Radiant Quake
 35267 | Elf:2    | Found Ite Upigh's Armour Emporium.
 35436 | Elf:2    | Found a runed translucent gate.
 35436 | Elf:2    | Found a runed translucent gate.
 35436 | Elf:2    | Found a runed translucent gate.
 35712 | Elf:2    | Reached skill level 16 in Armour
 36132 | Vaults:1 | Entered Level 1 of the Vaults
 36438 | Vaults:1 | Lost mutation: Your flesh is cold resistant. (rC+) [Jiyva's
                  | grace]
 36438 | Vaults:1 | Lost mutation: Armour fits poorly on your pseudopods.
                  | [Jiyva's grace]
 36438 | Vaults:1 | Lost mutation: Your movements are significantly less
                  | encumbered by armour. (ER -6) [Jiyva's grace]
 36438 | Vaults:1 | Gained mutation: You have acidic saliva. [Jiyva's grace]
 36438 | Vaults:1 | Gained mutation: Your flesh is heat resistant. (rF+)
                  | [Jiyva's grace]
 36438 | Vaults:1 | Gained mutation: Your flesh is very heat resistant. (rF++)
                  | [Jiyva's grace]
 36438 | Vaults:1 | Gained mutation: Your flesh is almost immune to the effects
                  | of heat. (rF+++) [Jiyva's grace]
 36700 | Vaults:1 | Found Radgheur's Weapon Shop.
 36715 | Vaults:1 | Bought a +0 vampiric broad axe for 196 gold pieces
 36731 | Vaults:1 | Reached XP level 20. HP: 176/176 MP: 26/26
 37548 | Vaults:2 | Found a staircase to the Crypt.
 37687 | Vaults:2 | Lost mutation: You have hoof-like feet. [Jiyva's grace]
 37687 | Vaults:2 | Lost mutation: You have large cloven feet. [Jiyva's grace]
 37687 | Vaults:2 | Gained mutation: You have a small jelly attached to you
                  | that senses nearby items. [Jiyva's grace]
 37687 | Vaults:2 | Gained mutation: You passively dampen the noise of your
                  | surroundings. [Jiyva's grace]
 37687 | Vaults:2 | Gained mutation: You are mostly covered in iridescent
                  | scales. (AC +4) [Jiyva's grace]
 37687 | Vaults:2 | Gained mutation: You are completely covered in iridescent
                  | scales. (AC +6) [Jiyva's grace]
 37729 | Vaults:2 | Found Reygor's Armour Emporium.
 38088 | Vaults:3 | Found Qiklyq's Assorted Antiques.
 38217 | Vaults:3 | Identified the +7 shortbow of the Ancients {freeze, rElec}
 38948 | Vaults:3 | Reached skill level 17 in Armour
 38996 | Vaults:3 | Reached skill level 15 in Fighting
 39476 | Vaults:4 | Noticed a golden dragon
 39495 | Vaults:4 | Killed a golden dragon
 39969 | Vaults:4 | Lost mutation: You have a pair of horns on your head.
                  | [Jiyva's grace]
 39969 | Vaults:4 | Lost mutation: Your muscles are strong. (Str +4, Int/Dex
                  | -1) [Jiyva's grace]
 39969 | Vaults:4 | Gained mutation: You expend magic power (3 MP) to
                  | strengthen your wands. [Jiyva's grace]
 39969 | Vaults:4 | Gained mutation: Your tail ends in a sharp venomous barb.
                  | [Jiyva's grace]
 39969 | Vaults:4 | Gained mutation: Your tail ends in a wickedly sharp and
                  | venomous barb. [Jiyva's grace]
 39969 | Vaults:4 | Gained mutation: Your body has grown eyes which may confuse
                  | attackers. (Acc +3) [Jiyva's grace]
 40517 | D:15     | Found a staircase to the Depths.
 40682 | Depths:1 | Entered Level 1 of the Depths
 40739 | Depths:1 | Reached XP level 21. HP: 184/184 MP: 27/27
 40782 | Depths:1 | Noticed Mara
 40787 | Depths:1 | Noticed adelrune's illusion
 40809 | Depths:1 | Killed Mara
 40908 | Depths:1 | Noticed Bai Suzhen
 40920 | Depths:1 | Killed Bai Suzhen
 40949 | Depths:1 | Found a one-way gate to the infinite horrors of the Abyss.
 41006 | Depths:1 | Found a gateway to Hell.
 41196 | Depths:1 | Found a bloodstained altar of Trog.
 41419 | Depths:2 | Found a one-way gateway to a ziggurat.
 41580 | Depths:2 | Noticed Sojobo
 41588 | Depths:2 | Paralysed by an air elemental for 1 turns
 41592 | Depths:2 | Paralysed by an air elemental for 1 turns
 41599 | Depths:2 | Killed Sojobo
 41600 | Depths:2 | Reached skill level 18 in Armour
 41649 | Depths:2 | Lost mutation: Your tail ends in a wickedly sharp and
                  | venomous barb. [Jiyva's grace]
 41649 | Depths:2 | Lost mutation: Your flesh is almost immune to the effects
                  | of heat. (rF+++) [Jiyva's grace]
 41649 | Depths:2 | Gained mutation: Your movements are significantly less
                  | encumbered by armour. (ER -6) [Jiyva's grace]
 41649 | Depths:2 | Gained mutation: Your flesh is cold resistant. (rC+)
                  | [Jiyva's grace]
 41649 | Depths:2 | Gained mutation: Your flesh is very cold resistant. (rC++)
                  | [Jiyva's grace]
 41649 | Depths:2 | Gained mutation: Your flesh is almost immune to the effects
                  | of cold. (rC+++) [Jiyva's grace]
 41662 | Depths:2 | Found Egatryax's Book Shoppe.
 41664 | Depths:2 | Found Puiqof Ihamu's Jewellery Shop.
 41670 | Depths:2 | Found Obbiq's Book Shoppe.
 41922 | Depths:2 | Found a one-way gate leading to the halls of Pandemonium.
 42667 | Depths:3 | Noticed Mennas
 42692 | Depths:3 | Killed Mennas
 43313 | D:9      | Bought a scroll of enchant weapon for 112 gold pieces
 43316 | D:9      | Bought a scroll of enchant armour for 82 gold pieces
 43316 | D:9      | Bought a scroll of enchant armour for 82 gold pieces
 43316 | D:9      | Bought a scroll of enchant weapon for 82 gold pieces
 43422 | D:8      | Bought a phial of floods for 840 gold pieces
 43422 | D:8      | Bought a scroll of enchant armour for 157 gold pieces
 43786 | D:15     | You paid a toll of +4 fire dragon scales to enter a
                  | treasure trove
 43787 | Trove    | Entered a treasure trove
 43832 | Trove    | Identified a scroll of acquirement
 43832 | Trove    | Acquired the +8 mithril axe "Arga" {speed, Will+}
 43832 | Trove    | Found the +8 mithril axe "Arga" {speed, Will+}
 43845 | Trove    | Identified the amulet "Nuevvij" {Faith rF+ rC- Str+5}
 44066 | Depths:4 | Entered Level 4 of the Depths
 44160 | Depths:4 | Found a shadowy altar of Dithmenos.
 44186 | Depths:4 | Lost mutation: Your flesh is almost immune to the effects
                  | of cold. (rC+++) [Jiyva's grace]
 44186 | Depths:4 | Lost mutation: Your flesh is very heat resistant. (rF++)
                  | [Jiyva's grace]
 44186 | Depths:4 | Lost mutation: You expend magic power (3 MP) to strengthen
                  | your wands. [Jiyva's grace]
 44186 | Depths:4 | Lost mutation: Your melee attacks may engulf your foes in
                  | ooze. [Jiyva's grace]
 44186 | Depths:4 | Gained mutation: You expend magic power (3 MP) to
                  | strengthen your wands. [Jiyva's grace]
 44186 | Depths:4 | Gained mutation: You have a small jelly attached to you
                  | that may absorb projectiles. [Jiyva's grace]
 44186 | Depths:4 | Gained mutation: Armour fits poorly on your pseudopods.
                  | [Jiyva's grace]
 44186 | Depths:4 | Gained mutation: Armour fits poorly on your large
                  | pseudopods. [Jiyva's grace]
 44402 | Depths:4 | Reached XP level 22. HP: 192/194 MP: 28/28
 44431 | Depths:4 | Found a runed translucent door.
 44431 | Depths:4 | Found a runed translucent door.
 44463 | Depths:4 | Found a runed translucent door.
 44472 | Depths:4 | Found a runed translucent door.
 44525 | Depths:4 | Found a runed translucent door.
 44586 | Depths:4 | Found a runed translucent door.
 44647 | Depths:4 | Found a gate to the Realm of Zot.
 44657 | Depths:4 | Got a midnight gem with 6 turns to spare
 44659 | Zot:1    | Entered Level 1 of the Realm of Zot
 44659 | Zot:1    | Noticed a golden dragon
 44679 | Zot:1    | Killed a golden dragon
 44688 | Zot:1    | Reached skill level 19 in Armour
 44688 | Zot:1    | Noticed a golden dragon
 44701 | Zot:1    | Killed a golden dragon
 44932 | Zot:1    | Noticed an orb of fire
 44940 | Zot:1    | Gained mutation: You occasionally shout uncontrollably at
                  | your foes. [an orb of fire]
 44943 | Zot:1    | Killed an orb of fire
 44990 | Zot:1    | Noticed a golden dragon
 45003 | Zot:1    | Killed a golden dragon
 45438 | Zot:1    | Reached skill level 15 in Evocations
 45445 | Zot:1    | Noticed a golden dragon
 45456 | Zot:1    | Killed a golden dragon
 45831 | Zot:2    | Noticed a Killer Klown
 45831 | Zot:2    | Noticed a Killer Klown
 45869 | Zot:2    | Killed a Killer Klown
 45880 | Zot:2    | Killed a Killer Klown
 46047 | Zot:2    | Noticed an orb of fire
 46061 | Zot:2    | Killed an orb of fire
 46194 | Zot:2    | Lost mutation: You have a pair of small horns on your head.
                  | [Jiyva's grace]
 46194 | Zot:2    | Lost mutation: You are completely covered in iridescent
                  | scales. (AC +6) [Jiyva's grace]
 46194 | Zot:2    | Lost mutation: You are mostly covered in iridescent scales.
                  | (AC +4) [Jiyva's grace]
 46194 | Zot:2    | Lost mutation: You expend magic power (3 MP) to strengthen
                  | your wands. [Jiyva's grace]
 46194 | Zot:2    | Gained mutation: Armour fits poorly on your massive
                  | pseudopods. [Jiyva's grace]
 46194 | Zot:2    | Gained mutation: You have sharp toenails. [Jiyva's grace]
 46194 | Zot:2    | Gained mutation: You have razor-sharp toenails. [Jiyva's
                  | grace]
 46194 | Zot:2    | Gained mutation: You have claws for feet. [Jiyva's grace]
 46650 | Zot:3    | Noticed a golden dragon
 46664 | Zot:3    | Killed a golden dragon
 46739 | Zot:3    | Noticed a curse toe
 46748 | Zot:3    | Killed a curse toe
 46847 | Zot:3    | Noticed a curse toe
 46849 | Zot:3    | Found Opnu's CLEARANCE SALE!.
 46855 | Zot:3    | Killed a curse toe
 46856 | Zot:3    | Reached skill level 20 in Armour
 46863 | Zot:3    | Bought a scroll of teleportation for 12 gold pieces
 46863 | Zot:3    | Bought a wand of roots (5) for 48 gold pieces
 47001 | Zot:3    | Reached XP level 23. HP: 203/205 MP: 29/29
 47550 | Zot:3    | HP: 8/206 [yellow draconian annihilator/poison arrow (29)]
 47601 | Zot:3    | Noticed a Killer Klown
 47616 | Zot:3    | Killed a Killer Klown
 47617 | Zot:3    | Reached XP level 24. HP: 216/216 MP: 29/29
 48568 | Zot:4    | Reached skill level 21 in Armour
 48859 | Zot:4    | Lost mutation: You occasionally shout uncontrollably at
                  | your foes. [Jiyva's grace]
 48859 | Zot:4    | Lost mutation: You have acidic saliva. [Jiyva's grace]
 48859 | Zot:4    | Lost mutation: Armour fits poorly on your massive
                  | pseudopods. [Jiyva's grace]
 48859 | Zot:4    | Lost mutation: You have a small jelly attached to you that
                  | may absorb projectiles. [Jiyva's grace]
 48859 | Zot:4    | Lost mutation: Your movements are significantly less
                  | encumbered by armour. (ER -6) [Jiyva's grace]
 48859 | Zot:4    | Gained mutation: Your mind is acute. (Int +4, Str/Dex -1)
                  | [Jiyva's grace]
 48859 | Zot:4    | Gained mutation: Your mind is very acute. (Int +8, Str/Dex
                  | -2) [Jiyva's grace]
 48859 | Zot:4    | Gained mutation: Your melee attacks may engulf your foes in
                  | ooze. [Jiyva's grace]
 48859 | Zot:4    | Gained mutation: You have a pair of small antennae on your
                  | head. [Jiyva's grace]
 49096 | Zot:4    | Identified the +0 arbalest of Classification {flame, +Blink
                  | rF+ Int+6 Stlth+}
 49146 | Zot:5    | Entered Level 5 of the Realm of Zot
 49565 | Zot:5    | Noticed an ancient lich
 49582 | Zot:5    | Killed an ancient lich
 49606 | Zot:5    | Reached XP level 25. HP: 216/226 MP: 29/29
 49609 | Zot:5    | Noticed a Killer Klown
 49609 | Zot:5    | Noticed a Killer Klown
 49609 | Zot:5    | Noticed a Killer Klown
 49610 | Zot:5    | Noticed a Killer Klown
 49612 | Zot:5    | Noticed an orb of fire
 49612 | Zot:5    | Noticed a Killer Klown
 49612 | Zot:5    | Noticed an orb of fire
 49612 | Zot:5    | Gained mutation: Your health recovers twice as slowly from
                  | being drained. [an orb of fire]
 49629 | Zot:5    | Noticed a Killer Klown
 49641 | Zot:5    | Gained mutation: Your magical capacity is low. (-10% MP)
                  | [an orb of fire]
 49642 | Zot:5    | Lost mutation: You have a small jelly attached to you that
                  | senses nearby items. [an orb of fire]
 49644 | Zot:5    | Gained mutation: Potions are less effective at restoring
                  | your health. [an orb of fire]
 49646 | Zot:5    | Gained mutation: You have hidden genetic defects. [an orb
                  | of fire]
 49646 | Zot:5    | Gained mutation: Your magical capacity is very low. (-20%
                  | MP) [an orb of fire]
 49653 | Zot:5    | Slimified a Killer Klown
 49653 | Zot:5    | a Killer Klown changed into an azure jelly
 49657 | Zot:5    | Gained mutation: Your body sometimes deteriorates upon
                  | taking damage. [an orb of fire]
 49659 | Zot:5    | Noticed an orb of fire
 49661 | Zot:5    | Noticed a Killer Klown
 49662 | Zot:5    | Noticed an orb of fire
 49665 | Zot:5    | Noticed a dread lich
 49665 | Zot:5    | Noticed an ancient lich
 49709 | Zot:4    | Lost mutation: Your health recovers twice as slowly from
                  | being drained. [potion of mutation]
 49709 | Zot:4    | Lost mutation: Your body has grown eyes which may confuse
                  | attackers. (Acc +3) [potion of mutation]
 49709 | Zot:4    | Gained mutation: Your flesh is very heat resistant. (rF++)
                  | [potion of mutation]
 49710 | Zot:4    | Lost mutation: You passively dampen the noise of your
                  | surroundings. [potion of mutation]
 49710 | Zot:4    | Lost mutation: Your flesh is very heat resistant. (rF++)
                  | [potion of mutation]
 49768 | Zot:4    | Killed an ancient lich
 49794 | Zot:5    | Lost mutation: Your magical capacity is very low. (-20% MP)
                  | [an orb of fire]
 49807 | Zot:4    | Gained mutation: You have terrible hidden genetic defects.
                  | [an orb of fire]
 49808 | Zot:4    | Killed a dread lich
 49817 | Zot:4    | Gained mutation: You are frail. (-10% HP) [an orb of fire]
 49825 | Zot:4    | Killed an orb of fire
 49928 | Zot:5    | Killed a Killer Klown
 49941 | Zot:5    | Gained mutation: You are clumsy. (Dex -2) [an orb of fire]
 49945 | Zot:5    | Gained mutation: Your spells are a little easier to cast,
                  | but a little less powerful. [an orb of fire]
 49974 | Zot:5    | Killed an orb of fire
 49983 | Zot:5    | Killed a Killer Klown
 50059 | Zot:5    | Killed a Killer Klown
 50071 | Zot:5    | Gained mutation: You are very clumsy. (Dex -4) [an orb of
                  | fire]
 50100 | Zot:5    | Gained mutation: Your magical capacity is very low. (-20%
                  | MP) [an orb of fire]
 50106 | Zot:5    | Gained mutation: You sometimes lose your temper in combat.
                  | [an orb of fire]
 50107 | Zot:5    | Killed an orb of fire
 50112 | Zot:5    | Killed a Killer Klown
 50132 | Zot:5    | Killed a Killer Klown
 50140 | Zot:5    | Reached skill level 22 in Armour
 50149 | Zot:5    | Gained mutation: Your body often deteriorates upon taking
                  | damage. [hidden defects]
 50170 | Zot:5    | Killed a Killer Klown
 50222 | Zot:5    | Gained mutation: Your magical capacity is extremely low.
                  | (-30% MP) [an orb of fire]
 50226 | Zot:5    | Gained mutation: You are very frail. (-20% HP) [an orb of
                  | fire]
 50233 | Zot:5    | Gained mutation: You are extremely frail. (-30% HP) [an orb
                  | of fire]
 50251 | Zot:5    | Gained mutation: You occasionally lose the ability to read
                  | scrolls when taking damage. [an orb of fire]
 50260 | Zot:5    | Killed an orb of fire
 50271 | Zot:5    | Lost mutation: You sometimes lose your temper in combat.
                  | [potion of mutation]
 50271 | Zot:5    | Lost mutation: Your movements are less encumbered by
                  | armour. (ER -4) [potion of mutation]
 50271 | Zot:5    | Lost mutation: Your body often deteriorates upon taking
                  | damage. [potion of mutation]
 50272 | Zot:5    | Lost mutation: Your magical capacity is extremely low.
                  | (-30% MP) [potion of mutation]
 50272 | Zot:5    | Lost mutation: Your movements are slightly less encumbered
                  | by armour. (ER -2) [potion of mutation]
 50272 | Zot:5    | Lost mutation: Your mind is very acute. (Int +8, Str/Dex
                  | -2) [potion of mutation]
 50273 | Zot:5    | Lost mutation: You have terrible hidden genetic defects.
                  | [potion of mutation]
 50273 | Zot:5    | Lost mutation: Your mind is acute. (Int +4, Str/Dex -1)
                  | [potion of mutation]
 50273 | Zot:5    | Lost mutation: You are partially covered in iridescent
                  | scales. (AC +2) [potion of mutation]
 50273 | Zot:5    | Lost mutation: Your body sometimes deteriorates upon taking
                  | damage. [potion of mutation]
 50325 | Zot:5    | Noticed a Killer Klown
 50335 | Zot:5    | Noticed an ancient lich
 50348 | Zot:5    | Killed an ancient lich
 50355 | Zot:5    | Killed a Killer Klown
 50370 | Zot:5    | Got the Orb of Zot
 50414 | Zot:5    | Gained mutation: You are occasionally teleported next to
                  | monsters. [hidden defects]
 50414 | Zot:5    | Lost mutation: You have hidden genetic defects. [hidden
                  | defects expressed]
 50920 | D:2      | Identified the +4 tower shield of Classification {+Blink
                  | Dex+3}
 51011 | D:$      | Escaped with the Orb!

Illustrated notes

Levels and vault maps discovered:
D:1:      lightli_arrival_quake, layout_loops_ring,
          chequers_ecumenical_altar_simple, glass_columns_c,
          minmay_misc_feat_more_columns, amcnicky_mini_corridor_feature,
          minmay_statues_item
D:2:      minmay_diamond_boxcup, layout_rooms
D:3:      layout_loops_cross, lemuel_round_altar, lemuel_flame_loot_1,
          uniq_terence
D:4:      layout_loops_ring, overflow_temple_1_default,
          minmay_temple_entry_sparse_star
D:5:      layout_basic, general_overflow_altar,
          mainiacjoe_overflow_cross_hatched, serial_shops, nicolae_diamond_shop,
          nicolae_shop_i_like_big_books
D:6:      layout_basic, dancing_weapons_uskayaw, portal_sewer_entry_e,
          serial_shops, shop, monkooky_shop_mail_order
D:7:      layout_loops_ring, minitemple, serial_shops, kennysheep_little_box,
          the_hattery, uniq_crazy_yiuf_cottage
D:8:      layout_rooms, nicolae_qazlal_style_of_elements, kennysheep_mini_moat,
          serial_shops, nicolae_shop_tiny_real_fake_doors, shop,
          nicolae_shop_tiny_glass, nicolae_lakefront_shop,
          roderic_serpentine_path
D:9:      minmay_the_grid_4x2 [minmay_the_grid_all_tris,
          minmay_the_grid_tiny_cups, minmay_the_grid_outer_circle,
          minmay_the_grid_plusring, minmay_the_grid_square_x, minmay_the_grid_x,
          minmay_the_grid_armoury, minmay_the_grid_prize_diamond_cup],
          layout_rooms, mainiacjoe_overflow_catwalk, fedhas_ov_isle_minmay,
          david_lair_generic, enter_bailey_2, nicolae_wooded_promenade,
          st_stairs_12, laboratory
D:10:     layout_loops_corners, nicolae_tso_carved_into_rock, special_room
          [special_room_orc]
D:11:     layout_loops_ring, david_orc_4, serial_shops, nicolae_stop_n_shop_1,
          shop, shop, chei_slow_surprise, uniq_sonja, uniq_erolcha
D:12:     minmay_twisted_water, layout_stronghold
D:13:     layout_cave_pods, david_vaults_2, chequers_serial_rivers_large_b,
          chequers_serial_rivers_micro_a
D:14:     layout_basic, minmay_gold_behind_fungi, nrook_campfire,
          dreamdust_princess_bridge
D:15:     hellmonk_depths_entry_around_the_bend, layout_irregular_city,
          nzn_wu_jian_contemplation, trove_entry_hex_spiral,
          serial_column_ruins, column_ruins_hut_ruined, column_ruins_open_tiny,
          column_ruins_open_small, column_ruins_open_tiny,
          column_ruins_open_tiny, column_ruins_corridor_straight,
          column_ruins_columns_dead_end, nicolae_twisty_statue_hallways,
          uniq_azrael
Lair:1:   layout_loops_ring, gammafunk_ghost_cemetery, basic_altar,
          serial_bayou_shore_b
Lair:2:   layout_regular_city, lemuel_fruit_tree, uniq_urug
Lair:3:   layout_chaotic_city, shoals_dummy_entry, alex1729_snake_entry_snake,
          portal_ice_cave_entry_imps
Lair:4:   layout_cave_pods, grunt_megastairs_2
Lair:5:   minmay_lair_end_frog_pond, layout_gridlike, dpeg_slime_entry_enclosed,
          uniq_rupert
Shoals:1: layout_shoals, serial_shops, nicolae_book_shop_shelving,
          nicolae_specific_store
Shoals:2: layout_shoals, nicolae_shoals_lost_giant_temple,
          nicolae_shop_firing_range
Shoals:3: layout_shoals, serial_shops, shop, uniq_polyphemus
Shoals:4: shoals_end_simple, layout_shoals, uniq_donald
Snake:1:  layout_chambers, grunt_megastairs_5, uniq_aizul, uniq_louise
Snake:2:  layout_rooms, uniq_asterion
Snake:3:  layout_concentric_octagons, serial_bayou_shore_a, uniq_nikola
Snake:4:  hellmonk_snake_rune_quicksilver_temple, layout_cave_town,
          ebering_ghost_inner_flame, serial_bayou_shore_b
Slime:1:  layout_caves
Slime:2:  layout_caves
Slime:3:  layout_caves
Slime:4:  layout_caves, nicolae_slime_barrier
Slime:5:  slime_pit_nicolae_trefoil
Orc:1:    layout_diamond_mine
Orc:2:    st_orc_elflike, layout_caves
Elf:1:    eino_elf_arrival_customs, layout_gridlike, serial_shops,
          nicolae_shop_pleasant_corner_grove, nicolae_square_shop,
          guppyfry_elf_altar, moated_statue, item_on_display_a
Elf:2:    elven_hall_of_blades_hangedman_original [nicolae_blade_little_rooms],
          layout_onion_city, mu_enter_wizlab_4, serial_shops, shop, drop_trap
Vaults:1: vaults_mumra_chevron, v_pattern_4, nicolae_vaults_more_shelving_1,
          hangedman_vaults_restitches, nicolae_vaults_twisting_passages,
          nicolae_vaults_double_plus_1, nicolae_vaults_hexular_roomagon,
          v_misc_27, nicolae_vaults_what_the_h, nicolae_vaults_specimen_jars,
          layout_vaults_maze_bifur, serial_shops, shop
Vaults:2: minmay_crypt_entry_simple_corners, nicolae_vaults_network_barrier,
          nicolae_vaults_little_squares_1, ontoclasm_vaults_ring_large,
          hangedman_vaults_pinch, nicolae_vaults_ring_of_whatevers,
          hangedman_vaults_hat, nicolae_vaults_little_squares_4,
          nicolae_vaults_security_offices_4, nicolae_vaults_little_squares_1,
          layout_vaults_chaotic_city, serial_shops, shop
Vaults:3: nicolae_vaults_sightless_eye, v_misc_11, nicolae_vaults_house_2,
          st_more_cells, nicolae_vaults_little_ls, vaults_room_fancy_cross,
          layout_vaults_omnigrid, serial_shops, shop
Vaults:4: hangedman_vaults_corner, v_misc_27, dpeg_index_elf_rogue_hall,
          v_misc_12, ontoclasm_vaults_gateway, nicolae_vaults_wrenched,
          nicolae_vaults_tetromino_L_2, nicolae_vaults_surprise_closet,
          nicolae_vaults_tetromino_T_1, vaults_dpeg_encased_lava,
          layout_vaults_omnibox
Depths:1: layout_cave_pools, serial_bayou_pond_b, pf_hell_entry_tar_river,
          serial_column_ruins, column_ruins_portal_squares,
          column_ruins_columns_corner, column_ruins_corridor_corner,
          column_ruins_open_large, column_ruins_open_tiny,
          column_ruins_open_small, column_ruins_grid_1, tgw_trog, uniq_mara,
          uniq_bai_suzhen
Depths:2: nicolae_cairo_tiling, layout_gridville, enter_ziggurat_c, pan_entry,
          infiniplex_staircase_spiral_double, hell_entry, minmay_shop_grove,
          uniq_sojobo
Depths:3: hellmonk_crumbling_castle, layout_honeycomb, abyss_entry,
          grunt_metal_band, amcnicky_mini_pool_small, rand_demon_pan_entry_5,
          hangedman_decor_push, minmay_staircase_windowed_small, firewood_loft,
          uniq_mennas
Depths:4: evilmike_zot_entry_castle, layout_basic,
          nicolae_dithmenos_shadow_blocks, abyss_entry, hell_entry,
          grunt_ministairs_4
Zot:1:    layout_cathedral_of_symmetry, bh_zot_ikea_curve
Zot:2:    grunt_zot_stairs_faceoff, layout_gridlike
Zot:3:    grunt_deathspiral_small, layout_cathedral_of_symmetry,
          nicolae_shop_clearance
Zot:4:    layout_concentric_octagons
Zot:5:    layout_onion, nicolae_lava_and_water

Skill      XL: |  1  2  3  4  5  6  7  8  9 10 11 12 13 14 15 16 17 18 19 20 21 22 23 24 25 |
---------------+----------------------------------------------------------------------------+-----
Armour         | 4 5 6 8 9 10 11 12 13 14 15 16 17 18 20 21 22 | 22.4
Fighting       | 3 4 5 6 7 8 9 10 11 12 13 14 15 16 17 18 19 | 19.4
Axes           | 2 3 4 5 6 7 8 10 11 12 13 14 15 16 17 18 19 | 19.6
Shields        | 4 5 7 8 9 10 11 12 13 14 15 16 17 18 19 20 21 | 21.7
Invocations    | 1 2 3 4 6 7 8 |  8.7
Evocations     | 3 6 7 8 10 11 12 13 14 15 16 17 18 | 18.1
Dodging        | 2 5 7 8 |  8.1

Action                     |  1- 3 |  4- 6 |  7- 9 | 10-12 | 13-15 | 16-18 | 19-21 | 22-24 | 25-27 || total
---------------------------+-------+-------+-------+-------+-------+-------+-------+-------+-------++-------
  Melee: War axe           |    89 |   128 |   216 |   765 |   932 |  1048 |   320 |       |       ||  3498
         Tailslap          |    12 |    19 |    31 |   125 |   194 |   169 |   296 |   286 |    96 ||  1228
         Whip              |       |       |       |       |    11 |       |       |       |       ||    11
         Kick              |       |       |       |       |    79 |   439 |   225 |       |       ||   743
         Headbutt          |       |       |       |       |       |   189 |   394 |   121 |       ||   704
         Pseudopods        |       |       |       |       |       |    16 |    57 |   332 |   121 ||   526
         Bite              |       |       |       |       |       |       |   176 |   172 |       ||   348
         Broad axe         |       |       |       |       |       |       |   957 |  1012 |   417 ||  2386
 Invoke: Heal Self         |       |       |     3 |    10 |       |       |       |       |       ||    13
         Heal Other        |       |       |     3 |       |       |       |       |       |       ||     3
         Slimify           |       |       |       |       |       |       |       |       |     1 ||     1
  Evoke: Wand              |       |       |       |     5 |     1 |     1 |       |     1 |     5 ||    13
         Phantom mirror    |       |       |       |     1 |     1 |     1 |       |       |     1 ||     4
         Condenser vane    |       |       |       |       |     1 |     1 |       |       |     1 ||     3
         Sack of spiders   |       |       |       |       |       |       |     1 |     1 |       ||     2
         Phial of floods   |       |       |       |       |       |       |       |       |     1 ||     1
    Use: Scroll            |       |       |     9 |    18 |     3 |     5 |    13 |     2 |     4 ||    54
         Potion            |       |       |     3 |     6 |       |     3 |     1 |     6 |    16 ||    35
   Stab: Petrified         |       |       |       |       |       |    11 |       |       |       ||    11
         Distracted        |       |       |       |       |       |     2 |       |       |       ||     2
         Invisible         |       |       |       |       |       |     1 |       |       |       ||     1
         Confused          |       |       |       |       |       |       |     3 |     3 |       ||     6
         Held in net/web   |       |       |       |       |       |       |     1 |       |       ||     1
 Armour: Scale mail        |    75 |    61 |       |       |       |       |       |       |       ||   136
         Ring mail         |       |    23 |   184 |   277 |       |       |       |       |       ||   484
         Plate armour      |       |       |       |   293 |   630 |   455 |    23 |       |       ||  1401
         Troll leather arm |       |       |       |       |       |       |   498 |   499 |   260 ||  1257
  Dodge: Dodged            |    23 |    25 |    70 |   145 |   163 |   127 |   177 |    74 |    30 ||   834
         Repelled          |       |       |     1 |     1 |    10 |    24 |    30 |    27 |    10 ||   103
  Block: Buckler           |     5 |       |       |       |       |       |       |       |       ||     5
         Kite shield       |    17 |    70 |   151 |   480 |   713 |       |       |       |       ||  1431
         Reflection        |       |       |       |       |    74 |   204 |    76 |       |       ||   354
         Tower shield      |       |       |       |       |   275 |  1472 |  1646 |  1024 |   329 ||  4746

Table legend: (Time is in decaauts)
 A = Elapsed time spent in this place.
 B = Non-inter-level travel time spent in this place.
 C = Inter-level travel time spent in this place.
 D = Time resting spent in this place.
 E = Time spent auto-exploring this place.
 F = Levels seen in this place.
 G = Mean time per level.
                   A        B        C        D        E       F      G
               +--------+--------+--------+--------+--------+-----+--------+
         Total |  51866 |  46229 |   5637 |   6188 |  27866 |  53 |  978.6 |
       Dungeon |  18695 |  15993 |   2702 |   3233 |   9212 |  15 | 1246.3 |
          Lair |   8602 |   7747 |    855 |   2231 |   3784 |   5 | 1720.4 |
        Shoals |   2934 |   2686 |    248 |     12 |   1678 |   4 |  733.5 |
     Snake Pit |   3749 |   3587 |    162 |    184 |   2549 |   4 |  937.2 |
    Slime Pits |    494 |    392 |    102 |      0 |    224 |   5 |   98.8 |
  Orcish Mines |   1972 |   1267 |    705 |     12 |    981 |   2 |  986.0 |
   Elven Halls |   1679 |   1590 |     89 |     50 |    998 |   2 |  839.5 |
        Vaults |   4128 |   3919 |    209 |    110 |   2951 |   4 | 1032.0 |
        Depths |   3169 |   2835 |    334 |     27 |   1874 |   4 |  792.2 |
           Zot |   5232 |   5004 |    228 |    227 |   3076 |   5 | 1046.4 |
         Trove |     90 |     90 |      0 |      0 |      8 |   1 |   90.0 |
        Bailey |     12 |     12 |      0 |      0 |      0 |   1 |   12.0 |
        Wizlab |   1104 |   1104 |      0 |    100 |    527 |   1 | 1104.0 |
               +--------+--------+--------+--------+--------+-----+--------+

Top non-repeatable levels by time:
     D:9: 2643 daAuts
  Lair:1: 2192 daAuts
     D:5: 1959 daAuts
  Lair:2: 1931 daAuts
  Lair:4: 1930 daAuts
    D:10: 1629 daAuts
     D:8: 1458 daAuts
   Orc:2: 1448 daAuts
   Zot:3: 1399 daAuts
  Lair:5: 1396 daAuts
    D:11: 1374 daAuts
 Snake:1: 1320 daAuts
 Snake:4: 1266 daAuts
     D:7: 1260 daAuts
     D:6: 1168 daAuts
